 Dungeon Crawl Stone Soup version 0.23-a0-301-g9da9e51 (webtiles) character file.

9264 mhoghedin the Archer (level 11, -2/156 HPs)
             Began as a Centaur Hunter on Oct 7, 2018.
             Was an Initiate of Gozag.
             Slain by a redback (5 damage)
             ... summoned by a deep elf mage
             ... in a bailey.
             The game lasted 00:12:46 (8159 turns).

mhoghedin the Archer (Centaur Hunter)               Turns: 8159, Time: 00:12:48

Health: -2/156     AC: 10    Str: 22    XL:     11   Next: 20%
Magic:  0/20       EV: 11    Int: 10    God:    Gozag
Gold:   1550       SH:  0    Dex: 11    Spells: 10/10 levels left

rFire    . . .     SeeInvis .   b - +0 short sword (holy)
rCold    . . .     Gourm    .   (no shield)
rNeg     . . .     Faith    .   c - +0 leather armour
rPois    .         Spirit   +   o - +2 helmet
rElec    .         Reflect  .   g - scarf {Spirit}
rCorr    .         Harm     .   A - +1 pair of gloves
MR       .....                  (no barding)
Stlth    ..........             (no amulet)
HPRegen  0.36/turn              r - +6 ring of slaying
MPRegen  0.17/turn              n - ring of magical power {MP+9}

@: confused, berserking, lethally poisoned (-2 -> -58), studying Crossbows, very
quick
A: large, hooves 3, deformed body, speed 2, tough skin 3
a: Potion Petition, Call Merchant, Bribe Branch, Renounce Religion


You were in a bailey.
You worshipped Gozag.
Gozag was most pleased with you.
You were not hungry.

You visited 2 branches of the dungeon, and saw 10 of its levels.
You also visited: Bailey.

You collected 1617 gold pieces.
You paid 67 gold pieces to Gozag.

Inventory:

Hand Weapons
 a - a +1 shortbow
 b - a +0 short sword of holy wrath (weapon)
   (You found it on level 4 of the Dungeon)
Missiles
 d - 36 arrows
Armour
 c - a +0 leather armour (worn)
 g - a scarf of spirit shield (worn)
   (You found it on level 1 of the Dungeon)
 o - a +2 helmet (worn)
   (You took it off Robin on level 4 of the Dungeon)
 A - a +1 pair of gloves (worn)
   (You found it on level 7 of the Dungeon)
Jewellery
 n - a ring of magical power (right hand) {MP+9}
   (You found it on level 4 of the Dungeon)
 r - a +6 ring of slaying (left hand)
   (You found it on level 3 of the Dungeon)
 D - a cursed ring of teleportation {unknown}
   (You found it on level 8 of the Dungeon)
 E - a +3 amulet of reflection {unknown}
   (You found it on level 8 of the Dungeon)
Wands
 i - a wand of polymorph (6)
   (You took it off a centaur on level 7 of the Dungeon)
 s - a wand of digging (16)
   (You found it on level 3 of the Dungeon)
Scrolls
 j - 3 scrolls of remove curse
 k - 3 scrolls of teleportation
 F - a scroll of enchant armour
Potions
 e - a potion of invisibility {unknown}
 l - 2 potions of lignification {!q}
 m - 5 potions of might
 p - 5 potions of heal wounds
 q - a potion of cancellation {unknown}
 t - a potion of agility {unknown}
 u - 2 potions of brilliance
 v - a potion of mutation {!q}
 w - a potion of flight {unknown}
 x - a potion of berserk rage {!q}
 C - a potion of magic {unknown}
Books
 y - a manual of Crossbows {!d}
   (You found it in a bailey)
Comestibles
 f - 6 rations


   Skills:
 - Level 12.2 Fighting
 - Level 14.1 Bows
 + Level 3.3 Armour
 + Level 3.9 Dodging
 - Level 0.4 Stealth


You had 10 spell levels left.
You didn't know any spells.
Your spell library contained the following spells:

 Spells                   Type           Power        Failure   Level  Hunger
 Corona                   Hex            #......      41%         1    ##.....
 Ensorcelled Hibernation  Hex/Ice        #.....       54%         2    ###....
 Swiftness                Chrm/Air       #.......     54%         2    ###....
 Confuse                  Hex            #.......     78%         3    ####...
 Dazzling Spray           Conj/Hex       #.....       78%         3    ####...
 Tukima's Dance           Hex            #.......     78%         3    ####...
 Airstrike                Air            #.........   99%         4    #####..
 Borgnjor's Vile Clutch   Necr/Erth      #.........   100%        5    ######.
 Silence                  Hex/Air        #.........   100%        5    ######.


Dungeon Overview and Level Annotations

Branches:
Dungeon (9/15)             Temple (1/1) D:4            Lair (0/6) D:9
    Orc: D:9-12

Altars:
Ashenzari
Cheibriados
Dithmenos
Elyvilon
Fedhas
Gozag
Hepliaklqana
Kikubaaqudgha
Makhleb
Nemelex Xobeh
Okawaru
Qazlal
Ru
Sif Muna
Trog
Uskayaw
Vehumet
Wu Jian
Xom
Yredelemnul
Zin
The Shining One

Shops:
D:6 =

Annotations:
D:3 3 runed doors, mhoghedin's ghost, amateur KoHu


Innate Abilities, Weirdness & Mutations

You have hooves in place of feet.
Armour fits poorly on your strangely shaped body.
You cover ground very quickly.
You have extremely tough skin. (AC +3)


Message History

You shoot an arrow. The tarantella bites you!
You take 7 damage, and have 66/103 hp.
You now have 11/20 mp.
You feel better. The tarantella completely misses you.
The tarantella bites you but does no damage.
You regained 6 hp, and now have 72/104 hp.
Firing (i - inventory)
d - 38 arrows (quivered)
Aim: a deep elf mage, wielding a dagger (lightly wounded)
You shoot an arrow. The arrow hits the tarantella!
Firing (i - inventory)
d - 37 arrows (quivered)
Aim: a deep elf mage, wielding a dagger (lightly wounded)
You shoot an arrow. The arrow misses the tarantella.
The arrow closely misses the deep elf mage.
The arrow hits the hell rat!!
You kill the hell rat!
The hell rat's corpse disappears in a puff of smoke!
The tarantella bites you.
You are confused.
You take 5 damage, and have 68/104 hp.
Wield which item (- for none, * to show all)? (? for menu, Esc to quit)
Okay, then.
Unknown command.
Wield which item (- for none, * to show all)? (? for menu, Esc to quit)
Your +0 short sword of holy wrath softly glows with a divine radiance!
b - a +0 short sword of holy wrath (weapon)
The tarantella bites you.
You are more confused.
You take 2 damage, and have 66/104 hp.
The deep elf mage mumbles some strange words.
The deep elf mage blinks!
You miss the tarantella. Your kick misses the tarantella.
The tarantella closely misses you.
The tarantella bites you but does no damage.
Okay, then.
Unknown command.
You're too confused to move!
The tarantella bites you!
You take 11 damage, and have 56/104 hp.
You now have 9/20 mp.
You hit the redback. Your kick misses the redback.
The redback bites you but does no damage.
You see here an arrow.
You miss the tarantella. You kick the tarantella! The tarantella bites you.
The redback closely misses you. The tarantella bites you!
The deep elf mage casts a spell.
The deep elf mage blinks!
The redback bites you but does no damage.
You take 10 damage, and have 46/104 hp.
You're too confused!
Unknown command.
You feel much better. The tarantella barely misses you. The redback bites you!
You are poisoned.
The redback poisons you! The deep elf mage closely misses you.
The tarantella bites you.
You regained 14 hp, and now have 60/104 hp.
You now have 7/20 mp.
Unknown command.
You barely miss the deep elf mage.
You feel very sick. The redback bites you!
The tarantella bites you but does no damage.
The redback barely misses you.
The deep elf mage hits you but does no damage.
You take 11 damage, and have 49/104 hp.
You now have 6/20 mp.
Really quaff
x - 2 potions of berserk rage {!q}?
A red film seems to cover your vision as you go berserk!
You feel yourself moving faster!
You feel mighty!
You feel very sick. The tarantella bites you!
The redback bites you but does no damage.
The earth elemental hits you! The tarantella bites you!
* * * LOW HITPOINT WARNING * * *
The deep elf mage points at you and mumbles some strange words.
The bolt of magma hits you!
You now have 43/156 hp.
You puncture the earth elemental! You kick the earth elemental.
You feel sick. The redback bites you!
* * * LOW HITPOINT WARNING * * *
The tarantella closely misses you. The redback bites you!
* * * LOW HITPOINT WARNING * * *
You are more poisoned.
The redback poisons you!
You take 25 damage, and have 18/156 hp.
You now have 2/20 mp.
Unknown command.
You bump into the stone wall.
* * * LOW HITPOINT WARNING * * *
You feel very sick.
The deep elf mage mumbles some strange words.
The deep elf mage blinks!
The tarantella closely misses you. The redback bites you.
* * * LOW HITPOINT WARNING * * *
The earth elemental hits you.
* * * LOW HITPOINT WARNING * * *
You miss the tarantella. You kick the tarantella!
You kill the tarantella!
The tarantella's corpse disappears in a puff of smoke!
* * * LOW HITPOINT WARNING * * *
You feel very sick.
The deep elf mage gestures wildly while chanting.
The deep elf mage blinks!
The redback bites you!
You die...
Your body crumbles into a pile of gold.

##### ######...######
##..##..?..##§@##
#....#.....#.E§s#
#...)##...##.eE.#
##..##'######.§##
######...###...##(###
#.?##.....#.....##§.##
....#..∩..#.....#..e.#
....#...).#.....#...(#
#..###...)#[...###..##


You could see 2 earth elementals, a deep elf mage and a redback.

Vanquished Creatures
  A two-headed ogre (D:6)
  A deep elf knight (Bailey)
  An ugly thing (D:8)
  6 deep elf magi (Bailey)
  A merfolk (Bailey)
  A hippogriff (D:7)
  4 yaks (D:9)
  A wyvern (D:9)
  3 vampire mosquitoes (D:7)
  3 wargs (D:9)
  A water moccasin (D:9)
  Duvessa (D:4)
  2 orc warriors
  2 necrophages
  3 ice beasts
  2 sky beasts
  5 ogres
  3 centaurs
  4 bullfrogs
  2 scorpions
  Dowan (D:4)
  3 killer bees (D:5)
  3 wights (D:9)
  A howler monkey (D:7)
  7 crimson imps
  2 hounds
  3 jellies
  3 orc wizards
  An orc priest (D:9)
  A centaur skeleton (D:7)
  An iguana (D:8)
  5 worker ants
  2 hound skeletons
  Robin (D:4)
  A worker ant zombie (D:5)
  9 gnolls
  9 adders
  3 oozes
  3 adder zombies
  2 adder skeletons
  5 worms
  7 dart slugs
  4 leopard geckos
  8 orcs
  6 giant cockroaches
  14 goblins
  6 hobgoblins
  12 jackals
  3 quokkas
  A ball python zombie (D:6)
  6 bats
  5 frilled lizards
  11 kobolds
  A leopard gecko skeleton (D:4)
  2 quokka skeletons
  4 rats
203 creatures vanquished.

Notes
Turn   | Place    | Note
-------+----------+-------------------------------------------
     0 | D:1      | mhoghedin the Centaur Hunter began the quest for the Orb.
     0 | D:1      | Reached XP level 1. HP: 17/17 MP: 1/1
   161 | D:1      | Reached XP level 2. HP: 21/24 MP: 2/2
   419 | D:1      | Reached skill level 6 in Bows
   436 | D:1      | Reached XP level 3. HP: 29/29 MP: 3/3
   984 | D:2      | Reached skill level 7 in Bows
  1008 | D:2      | Reached XP level 4. HP: 36/36 MP: 4/4
  1956 | D:3      | Found a runed gate.
  1957 | D:3      | Found a runed gate.
  1958 | D:3      | Found a runed gate.
  1958 | D:3      | Noticed mhoghedin's ghost (amateur KoHu)
  2358 | D:3      | Reached skill level 8 in Bows
  2358 | D:3      | Reached XP level 5. HP: 38/41 MP: 5/5
  2797 | D:4      | Found a staircase to the Ecumenical Temple.
  2819 | Temple   | Entered the Ecumenical Temple
  2944 | Temple   | Became a worshipper of Gozag Ym Sagoz the Greedy
  3116 | D:4      | Noticed Robin
  3123 | D:4      | Killed Robin
  3144 | D:4      | Noticed Dowan
  3149 | D:4      | Noticed Duvessa
  3151 | D:4      | Killed Dowan
  3151 | D:4      | Reached skill level 9 in Bows
  3200 | D:4      | Killed Duvessa
  3200 | D:4      | Reached XP level 6. HP: 36/48 MP: 6/6
  3398 | D:4      | Reached skill level 10 in Bows
  3468 | D:4      | You fall through a shaft!
  3468 | D:5      | Entered Level 5 of the Dungeon
  3468 | D:5      | Found a hazy altar of Hepliaklqana.
  3649 | D:5      | Reached XP level 7. HP: 40/55 MP: 7/7
  4017 | D:5      | Reached skill level 11 in Bows
  4244 | D:5      | Reached skill level 12 in Bows
  4649 | D:6      | Reached XP level 8. HP: 61/61 MP: 8/8
  4852 | D:6      | Reached skill level 13 in Bows
  4936 | D:6      | Found Oray's Jewellery Boutique.
  5115 | D:6      | Reached skill level 14 in Bows
  5260 | D:6      | Noticed a two-headed ogre
  5273 | D:6      | Reached skill level 3 in Fighting
  5278 | D:6      | Killed a two-headed ogre
  5278 | D:6      | Reached skill level 6 in Fighting
  5278 | D:6      | Reached XP level 9. HP: 76/76 MP: 9/9
  5458 | D:7      | Reached skill level 7 in Fighting
  5628 | D:7      | Reached skill level 8 in Fighting
  5955 | D:7      | Reached skill level 9 in Fighting
  6565 | D:8      | Noticed a cyan ugly thing
  6577 | D:8      | Killed a cyan ugly thing
  6577 | D:8      | Reached skill level 10 in Fighting
  6577 | D:8      | Reached XP level 10. HP: 46/92 MP: 9/10
  7248 | D:8      | Found a snail-covered altar of Cheibriados.
  7382 | D:9      | Reached skill level 11 in Fighting
  7485 | D:9      | Found a staircase to the Lair.
  7544 | D:9      | Found an ancient bone altar of Kikubaaqudgha.
  7770 | D:9      | Found a flagged portal.
  7785 | Bailey   | Entered a bailey
  7835 | Bailey   | Noticed a deep elf mage
  7841 | Bailey   | Killed a deep elf mage
  7841 | Bailey   | Reached skill level 12 in Fighting
  7851 | Bailey   | Noticed a deep elf mage
  7852 | Bailey   | a deep elf mage changed into a merfolk
  7852 | Bailey   | Noticed a deep elf mage
  7852 | Bailey   | Noticed a deep elf mage
  7856 | Bailey   | Killed a deep elf mage
  7856 | Bailey   | Reached skill level 1 in Armour
  7856 | Bailey   | Reached skill level 2 in Dodging
  7863 | Bailey   | Noticed a deep elf mage
  7872 | Bailey   | Killed a deep elf mage
  7872 | Bailey   | Reached skill level 2 in Armour
  7872 | Bailey   | Noticed a deep elf mage
  7879 | Bailey   | Killed a deep elf mage
  7879 | Bailey   | Reached skill level 3 in Dodging
  7879 | Bailey   | Reached XP level 11. HP: 89/103 MP: 11/11
  7880 | Bailey   | Noticed a deep elf mage
  7886 | Bailey   | Killed a deep elf mage
  7893 | Bailey   | Killed a deep elf mage
  7893 | Bailey   | Reached skill level 3 in Armour
  7930 | Bailey   | Noticed a deep elf knight
  7940 | Bailey   | Killed a deep elf knight
  8089 | Bailey   | Identified Gyojus's Disquisition on Floating Evil Magic
  8126 | Bailey   | Noticed a deep elf mage
  8126 | Bailey   | Noticed a deep elf mage
  8157 | Bailey   | HP: 32/156 [redback[a deep elf mage] (10)]
  8158 | Bailey   | HP: 14/156 [poisoned by a redback]
  8158 | Bailey   | HP: 6/156 [earth elemental[a deep elf mage] (5)]
  8159 | Bailey   | Slain by a redback

Vault maps used:
D:1:      nagdon_arrival_zigzag_paths, minmay_tripent
D:3:      lemuel_upstairs_altar, ebering_ghost_rock_garden
D:4:      minmay_temple_entry_large_hall, uniq_robin, uniq_duvessa
D:5:      basic_altar, first_ration, kennysheep_generic_room_7
D:6:      serial_shops, shop, nicolae_zen_rock_garden
D:8:      cheibrodos_worm_habitat
D:9:      kiku_gazebo_garden_becter, erik_lair_orcish_takeover, enter_bailey_7
Temple:   regret_index_temple_sigil_plot
Bailey:   bailey_polearm_3, bailey

Skill      XL: |  1  2  3  4  5  6  7  8  9 10 11 |
---------------+----------------------------------+-----
Bows           | 6 7 8 9 10 12 14 | 14.1
Fighting       | 6 10 12 | 12.2
Armour         | 2 3 |  3.3
Dodging        | 3 |  3.9
Stealth        | |  0.4

Action                   |  1- 3 |  4- 6 |  7- 9 | 10-12 || total
-------------------------+-------+-------+-------+-------++-------
Melee: Short sword       |       |    46 |    21 |    16 ||    83
       Kick              |       |    11 |     9 |     7 ||    27
 Fire: Shortbow          |   115 |   114 |   227 |   176 ||   632
Evoke: Wand              |       |       |       |     2 ||     2
  Use: Scroll            |       |     4 |    11 |     3 ||    18
       Potion            |       |       |       |     4 ||     4
  Eat: Chunk             |       |     3 |       |       ||     3
       Ration            |       |     1 |     2 |     1 ||     4
Armor: Leather armour    |    16 |    25 |    15 |    32 ||    88
       Skin              |       |       |       |     3 ||     3
Dodge: Dodged            |    15 |    36 |    18 |    19 ||    88

Table legend:
 A = Non-vault XP
 B = Vault XP
 C = Vault XP percentage of total XP
 D = Non-vault monster count
 E = Vault monster count
 F = Vault count percentage of total count
                 A         B        C        D         E       F
            +---------+---------+-------+---------+---------+-------
      Total |    7732 |    5503 |  41.6 |     166 |      37 |  18.2
            +---------+---------+-------+---------+---------+-------
        D:1 |      37 |       6 |  14.0 |      18 |       2 |  10.0
        D:2 |     114 |       0 |   0.0 |      24 |       0 |   0.0
        D:3 |      48 |       0 |   0.0 |      15 |       0 |   0.0
        D:4 |      97 |     244 |  71.6 |      12 |      13 |  52.0
        D:5 |     793 |      77 |   8.9 |      22 |       2 |   8.3
        D:6 |    1899 |       0 |   0.0 |      25 |       0 |   0.0
        D:7 |    1905 |       0 |   0.0 |      23 |       0 |   0.0
        D:8 |    1245 |       0 |   0.0 |      15 |       0 |   0.0
        D:9 |    1594 |     626 |  28.2 |      12 |      12 |  50.0
     Bailey |       0 |    4550 | 100.0 |       0 |       8 | 100.0
            +---------+---------+-------+---------+---------+-------

Vault maps used:
D:1:      nagdon_arrival_zigzag_paths, minmay_tripent
D:3:      lemuel_upstairs_altar, ebering_ghost_rock_garden
D:4:      minmay_temple_entry_large_hall, uniq_robin, uniq_duvessa
D:5:      basic_altar, first_ration, kennysheep_generic_room_7
D:6:      serial_shops, shop, nicolae_zen_rock_garden
D:8:      cheibrodos_worm_habitat
D:9:      kiku_gazebo_garden_becter, erik_lair_orcish_takeover, enter_bailey_7
Temple:   regret_index_temple_sigil_plot
Bailey:   bailey_polearm_3, bailey

Table legend:
 A = Turns spent in this place as a percentage of turns spent in the entire game.
 B = Non-inter-level travel turns spent in this place as a percentage of non-inter-level travel turns spent in the entire game.
 C = Inter-level travel turns spent in this place as a percentage of turns spent in this place.
 D = Turns resting spent in this place as a percentage of non-inter-level travel turns spent in this place.
 E = Turns spent auto-exploring this place as a percentage of non-inter-level travel turns spent in this place.
 F = Non-inter-level travel turns spent in this place divided by the number of levels of this place that you've seen.
                   A       B       C       D       E      F
               +-------+-------+-------+-------+-------+----------------------
         Total | 100.0 | 100.0 |   2.3 |  14.5 |  68.3 | 724.8
       Dungeon |  93.8 |  93.7 |   2.3 |  13.2 |  70.7 | 830.3
        Temple |   1.7 |   1.6 |   6.7 |   0.0 |  92.9 | 126.0
        Bailey |   4.6 |   4.7 |   0.0 |  44.9 |  13.1 | 374.0
               +-------+-------+-------+-------+-------+----------------------

Table legend:
 A = Kills in this place as a percentage of kills in entire the game.
 B = Kills by you in this place as a percentage of kills by you in the entire game.
 C = Kills by friends in this place as a percentage of kills by friends in the entire game.
 D = Other kills in this place as a percentage of other kills in the entire game.
 E = Experience gained in this place as a percentage of experience gained in the entire game.
 F = Experience gained in this place divided by the number of levels of this place that you have seen.
                   A       B       C       D       E      F
               +-------+-------+-------+-------+-------+----------------------
         Total | 100.0 | 100.0 |   N/A |   N/A | 100.0 | 1203.2
       Dungeon |  96.1 |  96.1 |   N/A |   N/A |  65.6 | 965.0
        Bailey |   3.9 |   3.9 |   N/A |   N/A |  34.4 | 4550.0
               +-------+-------+-------+-------+-------+----------------------
